Cogmind - Beta 13 X2 @@@ ROGUE MODE // 2024.01.06 @ 02:23:15 Player: Schmee Result: Destroyed by D-53 Grenadier with Mini Grenade Launcher Performance ------------- Evolutions (0) 0 Regions Visited (2) 400 Robots Destroyed (27) 135 Value Destroyed (560) 560 Prototype IDs (0) 0 Alien Tech Used (0) 0 Bonus (38) 38 TOTAL SCORE: 1133 Bonus ------- High Alert Combat Kills 38 Cogmind --------- Core Integrity 0/250 Matter 285/300 Energy 250/250 System Corruption 0% Temperature Cool (6) Movement Treading (240) Ox1 Location -10/Mines Parts ------- > --- POWER (1) -------- Ion Engine > --- PROPULSION (2) --- Light Treads > --- UTILITY (2) ------ Large Storage Unit Improved Targeting Computer > --- WEAPON (2) ------- Beam Cannon > --- INVENTORY (15) --- Light Treads Aluminum Leg Heat Sink Huge Storage Unit Large Matter Pod (150) Sensor Array Seismic Detector Field Recycling Unit (0) Small Laser Light Cannon Grenade Launcher Grenade Launcher Rocket Launcher Mining Laser Peak State ------------ > --- POWER ------------ Ion Engine > --- PROPULSION ------- Light Treads Light Treads > --- UTILITY ---------- Large Storage Unit Improved Targeting Computer > --- WEAPON ----------- Heavy EM Pulse Gun Heavy EM Pulse Gun > --- INVENTORY -------- Ion Engine Light Treads Aluminum Leg Aluminum Leg Heat Sink Small Storage Unit High-capacity Storage Unit Large Matter Pod Sensor Array Seismic Detector Field Recycling Unit Small Laser Beam Cannon Grenade Launcher Grenade Launcher [Rating: 11] Favorites ----------- Power Ion Engine Engine Ion Engine Propulsion Light Treads Treads Light Treads Leg Aluminum Leg Utility Large Storage Unit Storage Large Storage Unit Processor Targeting Computer Weapon Heavy EM Pulse Gun Energy Gun Heavy EM Pulse Gun Energy Cannon Beam Cannon Launcher Grenade Launcher Build | -11 -10 -10 ------- Run | Yrd Mat Min Slots Evolved . | . . . Power . | . . . Propulsion . | . . . Utility . | . . . Weapon . | . . . Parts Attached 20 | . 18 2 Power 1 | . . 1 Engine 1 | . . 1 Core . | . . . Reactor . | . . . Propulsion 2 | . 2 . Treads 2 | . 2 . Leg . | . . . Wheel . | . . . Hover . | . . . Flight . | . . . Utility 4 | . 4 . Device . | . . . Storage 2 | . 2 . Processor 2 | . 2 . Hackware . | . . . Protection . | . . . Artifact . | . . . Weapon 13 | . 12 1 Energy Gun 6 | . 6 . Energy Cannon 2 | . 1 1 Ballistic Gun . | . . . Ballistic Cannon . | . . . Launcher 5 | . 5 . Special Weapon . | . . . Impact Weapon . | . . . Slashing Weapon . | . . . Piercing Weapon . | . . . Special Melee Weapon . | . . . Unidentified Prototypes . | . . . Parts Lost 5 | . 1 4 Power 1 | . . 1 Propulsion 1 | . . 1 Utility . | . . . Weapon 3 | . 1 2 Highest Loss Streak 3 | . 1 3 To Critical Strikes . | . . . Average Slot Usage (%) 98 | . 99 86 Engine 13 | . 14 12 Treads 21 | . 21 25 Leg 6 | . 6 . Storage 14 | . 14 14 Processor 12 | . 12 14 Energy Gun 21 | . 21 16 Energy Cannon 4 | . 4 2 Launcher 1 | . 1 . Naked Turns . | . . . Heaviest Build 31 | 13 31 31 Greatest Support 40 | 20 40 40 Greatest Overweight (x) 1 | . . 1 Average Overweight (x) . | . . . Largest Inventory Capacity 15 | . 15 15 Average Capacity 13 | . 13 15 Most Carried 15 | . 15 15 Average Carried 11 | . 11 14 Final Capacity 15 | 8 15 15 Final Carried 15 | 6 15 14 Class Distribution -------------------- 100% | Mutant Dominant Class ---------------- Mutant | -10/Materials Mutant | -10/Mines Resources | -11 -10 -10 ----------- Run | Yrd Mat Min Matter Collected 785 | 200 585 . Remotely . | . . . Salvage Created 631 | . 594 37 Parts 45 | . 42 3 Haulers Intercepted 2 | . 2 . Recyclers Shooed . | . . . Parts Field Recycled . | . . . Retrieved Matter . | . . . Parts Self-Destructed . | . . . Prevented . | . . . Kills | -11 -10 -10 ------- Run | Yrd Mat Min Combat Hostiles Destroyed 18 | . 17 1 Cannons 1 | . . 1 AOE 17 | . 17 . Classes Destroyed 6 | . 6 . Worker 3 | . 3 . Hauler 2 | . 2 . Recycler 1 | . 1 . Watcher 3 | . 3 . Swarmer 9 | . 9 . Grunt 9 | . 8 1 Best Kill Streak 13 | . 13 1 Combat Bots Only 10 | . 10 1 Max Kills in Single Turn 4 | . 4 1 Gunslinging . | . . . Exploded 2 | . 2 . Melee . | . . . Uniques/NPCs Destroyed . | . . . Combat | -11 -10 -10 -------- Run | Yrd Mat Min Hostile Shots Fired 60 | . 34 26 Missed 12 | . 9 3 Damage Taken 881 | . 281 600 Core 250 | . 60 190 Absorbed by Shields . | . . . Core Remaining (%) 100 | 100 . . Volleys Fired 43 | . 38 5 Largest 2 | . 2 2 Hottest 100 | . 100 90 Shots Fired 67 | . 60 7 Gun 40 | . 35 5 Cannon 11 | . 9 2 Launcher 16 | . 16 . Special . | . . . Kinetic . | . . . Thermal 33 | . 31 2 Explosive 16 | . 16 . Electromagnetic 18 | . 13 5 Robot Hit Streak 5 | . 5 5 Robot Miss Streak 4 | . 4 2 Penetration Max . | . . . Secondary Targets . | . . . Shots Hit Robots 28 | . 23 5 Core Hits 44 | . 39 5 Critical Kills . | . . . Critical Parts Destroyed . | . . . Critical Strikes . | . . . Melee Attacks . | . . . Impact . | . . . Slashing . | . . . Piercing . | . . . Sneak Attacks . | . . . Combat Hostiles . | . . . Follow-up Attacks . | . . . Damage Inflicted 1673 | . 1545 128 Guns 234 | . 179 55 Cannons 89 | . 72 17 Explosions 1344 | . 1288 56 Melee . | . . . Ramming 6 | . 6 . Kinetic . | . . . Thermal 266 | . 193 73 Explosive 1096 | . 1096 . Electromagnetic 305 | . 250 55 Impact . | . . . Slashing . | . . . Piercing . | . . . Highest Corruption . | . . . Average Corruption . | . . . Corruption Purged . | . . . Corruption Blocked . | . . . Overload Shots . | . . . Overflow Damage 69 | . 69 . Projectiles . | . . . Explosions 69 | . 69 . Melee . | . . . Knockbacks . | . . . Impact . | . . . Kinetic . | . . . Secondary . | . . . Self-Inflicted Damage 54 | . 54 . Shots 2 | . 2 . Rammed 2 | . 2 . Targets Rammed 2 | . 2 . Kicked . | . . . Crushed . | . . . Highest Temperature 117 | . 117 68 Average Temperature 31 | . 31 30 Received Heat Transfer 152 | . 48 104 Siege Activations . | . . . Robots Corrupted . | . . . Combat Hostiles . | . . . Parts Fried 1 | . 1 . Impact Corruptions . | . . . Robots Melted . | . . . Combat Hostiles . | . . . Parts Melted . | . . . Heat Transferred 435 | . 348 87 Parts Sabotaged . | . . . Parts Stolen . | . . . Parts Stripped . | . . . Power Chain Reactions 2 | . 1 1 Missiles Intercepted . | . . . Alert | -11 -10 -10 ------- Run | Yrd Mat Min Peak Influence 560 | . 560 153 Initial 112 | . . 112 Average 312 | . 334 114 Maximum Alert Level 2 | . 2 . Low Security (%) 18 | . 9 100 Level 1 60 | . 66 . Level 2 21 | . 23 . Level 3 . | . . . Level 4 . | . . . Level 5 . | . . . High Security . | . . . Max Security . | . . . Squads Dispatched 3 | . 3 . Investigation 1 | . 1 . Extermination . | . . . Reinforcement 2 | . 2 . Assault . | . . . Garrison . | . . . Intercept . | . . . Searches Triggered . | . . . Construction Impeded . | . . . Haulers Reinforced . | . . . Active Scanning Responses . | . . . Cargo Convoy Interrupts . | . . . Stealth | -11 -10 -10 --------- Run | Yrd Mat Min Distress Signals 1 | . 1 . Communications Jammed . | . . . Distress Signals . | . . . Times Spotted 44 | . 24 20 Peak Tracking Total 12 | . 5 12 Tactical Retreats 2 | . . 2 Traps | -11 -10 -10 ------- Run | Yrd Mat Min Traps Triggered 1 | . 1 . Indirectly . | . . . Trap Hack Attempts . | . . . Triggered . | . . . Disarmed . | . . . Reprogrammed . | . . . Reused . | . . . Traps Extracted . | . . . Installed . | . . . Triggered . | . . . Machines | -11 -10 -10 ---------- Run | Yrd Mat Min Machines Disabled 12 | . 12 . Max in Single Turn 5 | . 5 . Machines Repaired . | . . . Machines Dismantled . | . . . Machines Sabotaged . | . . . Overloaded Fab Kills . | . . . Hacking | -11 -10 -10 --------- Run | Yrd Mat Min Machines Accessed 2 | . 2 . Terminals 2 | . 2 . Fabricators . | . . . Repair Stations . | . . . Recycling Units . | . . . Scanalyzers . | . . . Garrison Access . | . . . Total Hacks 5 | . 5 . Successful 2 | . 2 . Failed 3 | . 3 . Catastrophic . | . . . Database Lockouts . | . . . Manual 8 | . 8 . Terminals 5 | . 5 . Fabricators . | . . . Repair Stations . | . . . Recycling Units . | . . . Scanalyzers . | . . . Garrison Access . | . . . Terminal Hacks 2 | . 2 . Robot Analysis 2 | . 2 . Fabricator Hacks . | . . . Repair Station Hacks . | . . . Recycling Unit Hacks . | . . . Scanalyzer . | . . . Garrison Access Hacks . | . . . Unauthorized Hacks . | . . . Terminals . | . . . Fabricators . | . . . Repair Stations . | . . . Recycling Units . | . . . Scanalyzers . | . . . Garrison Access . | . . . Data Cores Recovered . | . . . Used . | . . . Hacking Detections 2 | . 2 . Full Trace Events . | . . . Feedback Events . | . . . Feedback Blocked . | . . . Robot Schematics Acquired . | . . . Robots Built . | . . . Authchips . | . . . Time . | . . . Total Robot Build Rating . | . . . Part Schematics Acquired . | . . . Parts Built . | . . . Authchips . | . . . Time . | . . . Total Part Build Rating . | . . . Parts Repaired . | . . . Time . | . . . Parts Recycled . | . . . Recycled Matter . | . . . Retrieved Matter . | . . . Retrieved Components . | . . . Parts Scanalyzed . | . . . Part Schematics Acquired . | . . . Parts Damaged . | . . . Bothacking | -11 -10 -10 ------------ Run | Yrd Mat Min Used RIF Installer . | . . . Robots Hacked . | . . . Non-combat . | . . . Combat . | . . . Robot Hacks Applied . | . . . Relay Couplers Released . | . . . Fabnet Peak Effective % . | . . . Robots Rewired . | . . . Allies Hacked . | . . . Hacks Repelled . | . . . Allies | -11 -10 -10 -------- Run | Yrd Mat Min Total Allies . | . . . Largest Group . | . . . Highest-Rated Group . | . . . Highest-Rated Ally . | . . . Total Orders . | . . . Ally Attacks . | . . . Total Damage . | . . . Kills . | . . . Allies Corrupted . | . . . Allies Melted . | . . . Intel | -11 -10 -10 ------- Run | Yrd Mat Min Robot Analysis Total 2 | . 2 . Derelict Logs Recovered . | . . . Drone Launches . | . . . Drone Recoveries . | . . . Exploration | -11 -10 -10 ------------- Run | Yrd Mat Min Turns Passed 1753 | . 1577 176 Spaces Moved 1036 | 1 940 95 Core . | . . . Treads 788 | . 693 95 Legs 248 | 1 247 . Wheels . | . . . Hover . | . . . Flight . | . . . Fastest Speed 120 | 120 120 160 Average Speed 151 | 120 149 169 Slowest Speed 240 | 120 160 240 Overloaded Moves . | . . . Propulsion Burnouts . | . . . Robots Hopped . | . . . Cave-ins Triggered . | . . . Exploration Rate (%) 44 | 2 96 35 Regions Visited 2 Branch Regions 1 Pre-discovered Areas . | . . . Known Exits Taken . | . . . Unknown Exits Taken 2 | 1 1 . Scrap Searched . | . . . Spaces Dug . | . . . Terrain Destroyed 94 | . 88 6 Melee . | . . . Projectile . | . . . AOE 94 | . 88 6 Terrain Rammed . | . . . Walls Destroyed . | . . . Machines Disabled . | . . . Actions | -11 -10 -10 --------- Run | Yrd Mat Min Total 1154 | . 1050 104 Wait 23 | . 22 1 Move 1034 | . 939 95 Hop . | . . . Pick Up 19 | . 18 1 Fast Attach 4 | . 4 . Attach 3 | . 1 2 Detach 2 | . 2 . Swap 13 | . 13 . Drop 11 | . 11 . Fire 43 | . 38 5 Melee . | . . . Ram . | . . . Kick . | . . . Crush 2 | . 2 . Escape Stasis . | . . . Rewire . | . . . Trap . | . . . Miscellaneous . | . . . Route ------- -11/Scrapyard -10/Materials (discovered 4 exits: [*Mat x3] / [*Min]) -10/Mines History --------- Turn | Location | Event 1 | -11/Scrapyard | Discovered new exit (range 0) 1 | -11/Scrapyard | Entered Materials 271 | -10/Materials | Discovered new exit (range 7) 303 | -10/Materials | Build established: Mutant 311 | -10/Materials | Destroyed 10 combat bots 364 | -10/Materials | Discovered new exit (range 15) 947 | -10/Materials | Discovered new exit (range 16) 1120 | -10/Materials | Discovered new exit (range 16) 1578 | -10/Materials | Entered Mines 1609 | -10/Mines | Met a Derelict bent on vengeance 1640 | -10/Mines | Assembled infested the area 1684 | -10/Mines | Core integrity fell below 50% 1688 | -10/Mines | Core integrity fell below 20% 1714 | -10/Mines | Received a Rocket Launcher from a helpful Derelict 1718 | -10/Mines | Lost 3 parts (1p2w) 1754 | -10/Mines | Destroyed by D-53 Grenadier with Mini Grenade Launcher Last Messages --------------- 01687_ Hvy. EM Pulse Gun destroyed. 01689_ The unstable cave ceiling collapses. 01708_ A derelict emerges from the shadows. 01709_ LY-I7L(g): "Some of my friends down here think you need a mining laser when you travel the depths." 01710_ LY-I7L(g): "Pshh... whatever." 01711_ LY-I7L(g): "Everyone knows a good old rocket launcher goes a long way." 01712_ LY-I7L(g): "Need to get rid of a swarm? Done. Need a big hole in the wall? Done." 01713_ LY-I7L(g): "Need a small hole in the wall? Leave that to the mining laser wimps, I say!" 01714_ LY-I7L(g): "Would you like a rocket launcher? I know I would if I were you, so I'm going to lend you mine." 01714_ LY-I7L(g) slips back into the shadows. 01722_ Lgt. Treads destroyed. 01725_ Acquired Rocket Launcher. 01732_ G-47 Trooper destroyed. 01751_ K-01 Serf collects debris. 01752_ R-06 Scavenger collects Aluminum Leg. Map ----- +----------------------------------------------------+ | ?????????????????????????????????????????????????? | | ?????????????????????????????????????????????????? | | ?????????????????????????????????????????????????? | | ?????????????????????????????????????????????????? | | ??###???????????????????? ?????????????????????? | | ?# ##??????????????????? ????????????????????? | | # #??##??????????????? ????????????????????? | | #? ??????????????? ????????????????????? | | #? #??????????????? ????????????????????? | | ##? #??????????????? ????????????????????? | | ###?? #??????????????? ?????????????????????? | | ##???? #??????????????# ?????????????????????? | | ##???? #??????????????# t ?????????????????????? | | ####? #??????????????#g #?????????????????????? | | ## #??????????????# g##????????????????????? | | "" ##?????????????# ?????????????????????? | | "" #?????????????# #?????????????????????? | | "" ##?????????????# #?????????????????????? | | ##??????????##### #?????????????????????? | | ### #??????????## ##????????????????????? | | ##?# #??????##### k #????????????????????? | | #??# ######?# r = #????????????????????? | | #??# #?# ###[ ##????????????????????? | | ???# #?# #?# #?????????????????????? | | ???###### #?# #?# ##?????????????????????? | | ##??????### ### #?# @#??????????????????????? | | ???????## ## #?????????????????????? | | ??###??# ## ????????????????????? | | ?## #?# # ## #??????????????????? | | ## ## #### #??????????????????? | | # #?#### ?????????????????? | | ## ####### ###????????????????? | | ### # #??????????????????? | | " # #; # ??????????????????? | | ## %* # #d # ?????????????????? | | ??## ! d ## ?????????????????? | | ????## #?# ????????????????? | | ?????### # ####??# ##???????????????? | | ???????# # ##?????####????????????????? | | ???????# ## ##??????????????????????????? | | ??????# # ##???????????????????????????? | | ??????# ###????????????????????????????? | | ??????## #??????????????????????????????? | | ???????# ##??????????????????????????????? | | ???????## # ###???????????????????????????????? | | ????????## % ?????????????????????????????????? | | ?????????######??????????????????????????????????? | | ?????????????????????????????????????????????????? | | ?????????????????????????????????????????????????? | | ?????????????????????????????????????????????????? | +----------------------------------------------------+ Best States ------------- Heat Dissipation 25 Energy Generation 10 Energy Capacity 400 Matter Stores 300 Matter Capacity 300 Sight Range 16 Terrain Scan Density 10 Evasion (%) 55 Targeting Accuracy 6 Recoil Reduction 2 Item Schematics ----------------- None Robot Schematics ------------------ None Fabricated ------------ Nothing Alien Tech Used ----------------- None Achievements -------------- None Challenges ------------ None Game ------ Seed SigixRagnarokGenerator Manual? 0 Play Time 00:19:12 Cumulative 102.9 hours Start 2024.01.06 @ 02:02:52 End 2024.01.06 @ 02:23:15 Sessions 5 Manual Loads 0 Difficulty Rogue Special Mode None Game No. 48 Rogue 46 Adventurer 0 Explorer 2 Win Type - Total 7 Types 7/0/0/0/0/0/0/0/0 Lore% 50 Gallery% 66 Achievement% 55 Wizard Run 0 Options --------- ASCII 0 Keyboard 1 Movement Numpad Keybinds 0 Fullscreen 1 Font 24/Smallcaps Map View 76x50 Zoom Use 0% Tactical HUD 1 Map Filters NONE Filters NONE Steam 1 RUN: 15a4f9ea-a9e9-402c-bbef-174f62d63b3e